 Dungeon Crawl Stone Soup version 0.24-a0-537-g2d01d4ab0a (webtiles) character file.

Game seed: 8223687096410192774

1055 DrKleor the Skirmisher (level 8, -4/65 HPs)
             Began as a Formicid Fighter on Aug 12, 2019.
             Was a Believer of Okawaru.
             Killed from afar by an electric eel (9 damage)
             ... with a bolt of electricity
             ... on level 6 of the Dungeon.
             The game lasted 00:14:54 (5137 turns).

DrKleor the Skirmisher (Formicid Fighter)           Turns: 5137, Time: 00:14:55

Health: -4/65      AC:  7    Str: 24    XL:     8   Next: 51%
Magic:  8/8        EV: 15    Int:  7    God:    Okawaru [**....]
Gold:   156        SH: 10    Dex: 10    Spells: 7/7 levels left

rFire    + . .     SeeInvis +   a - +0 war axe
rCold    . . .     Gourm    .   c - +0 shield
rNeg     . . .     Faith    .   D - +2 ring mail {rF+}
rPois    .         Spirit   .   (helmet unavailable)
rElec    .         Reflect  .   (no cloak)
rCorr    .         Harm     .   (no gloves)
MR       .....                  t - -2 pair of boots (curse)
Stlth    ..........             (no amulet)
HPRegen  0.20/turn              y - +6 ring of evasion
MPRegen  0.11/turn              C - ring of wizardry

@: no status effects
A: permanent stasis, dig shafts and tunnels, four strong arms, antennae 3
a: Dig, Shaft Self, Heroism, Renounce Religion


You were on level 6 of the Dungeon.
You worshipped Okawaru.
Okawaru was pleased with you.
You were not hungry.

You visited 1 branch of the dungeon, and saw 6 of its levels.

You collected 156 gold pieces.

Inventory:

Hand Weapons
 a - a +0 war axe (weapon)
Missiles
 o - 13 poisoned darts (quivered)
 p - 6 atropa-tipped darts
Armour
 c - a +0 shield (worn)
 t - a cursed -2 pair of boots (worn)
 z - a +1 pair of boots
 D - a +2 ring mail of fire resistance (worn)
Jewellery
 y - a +6 ring of evasion (left hand)
 C - a ring of wizardry (right hand)
 E - an uncursed ring of protection from fire {unknown}
 G - an uncursed ring of ice {unknown}
Wands
 x - a wand of flame (21)
Scrolls
 g - a scroll of random uselessness {unknown}
 i - a scroll of enchant weapon {unknown}
 l - 4 scrolls of identify {unknown}
 m - 2 scrolls of amnesia {unknown}
 n - 4 scrolls of teleportation {unknown}
 q - a scroll of blinking {unknown}
 r - a scroll of magic mapping {unknown}
 s - a scroll of fear {unknown}
 u - a scroll of enchant armour {unknown}
 A - a scroll of fog {unknown}
 F - a scroll of remove curse {unknown}
 H - 2 scrolls of noise {unknown}
Potions
 b - a potion of magic {unknown}
 e - 3 potions of brilliance {unknown}
 h - a potion of flight {unknown}
 j - 2 potions of heal wounds {unknown}
 k - 2 potions of curing
 v - 2 potions of agility {unknown}
 w - a potion of cancellation {unknown}
 B - a potion of haste {unknown}
Comestibles
 f - 15 rations


   Skills:
 + Level 6.6 Fighting
 + Level 5.5 Axes
 + Level 4.2 Throwing
 - Level 4.2 Armour
 - Level 4.7 Shields


You had 7 spell levels left.
You didn't know any spells.
Your spell library was empty.

Dungeon Overview and Level Annotations

Branches:
Dungeon (6/15)             Temple (0/1) D:5

Altars:
Dithmenos
Elyvilon
Kikubaaqudgha
Nemelex Xobeh
Okawaru
Qazlal
Trog
Uskayaw
Vehumet
Wu Jian
Yredelemnul
Zin
The Shining One

Shops:
D:4 }


Innate Abilities, Weirdness & Mutations

You cannot be hasted, slowed, berserked, paralysed or teleported.
You can dig through walls and to a lower floor.
Your four strong arms can wield two-handed weapons with a shield.
You have a pair of large antennae on your head. (SInv)


Message History

The bolt of electricity hits the electric eel.
The electric eel completely resists.
The bolt of electricity hits the plant!
You barely miss the electric eel.
The electric eel is almost dead.
You hit the plant but do no damage.
The electric eel shoots out a bolt of lightning at you!
The bolt of electricity hits you! x2
The bolt of electricity misses the electric eel.
The bolt of electricity hits the plant.
The electric eel shoots out a bolt of lightning at you!
The bolt of electricity hits you! x2
* * * LOW HITPOINT WARNING * * *
The bolt of electricity hits the electric eel.
The electric eel completely resists.
The bolt of electricity hits the plant.
The electric eel shoots out a bolt of lightning at you!
The bolt of electricity hits you!
* * * LOW HITPOINT WARNING * * *
The electric eel shoots out a bolt of lightning at you!
The bolt of electricity hits you!
You die...

#..###..## # #......## #
### ##### ##.....#####
...##...########......)..#
..........##.......###....
........#.#####.....######
........#.# ##.#### #
...P.P≈.#.## ##.##
≈..≈P;P.#@.# #..#
≈≈≈≈≈P;..#.###.##
≈≈≈≈≈≈;.##.##.######
≈≈(≈≈P≈.#.........(..
≈≈≈P≈≈≈..............
≈≈≈≈≈≈≈♣.............
≈≈≈≈≈≈≈♣.............
≈≈≈≈≈≈♣♣.............
≈≈≈≈≈≈ ♣.............


You could see 2 electric eels.

Vanquished Creatures
  Sigmund (D:6)
  2 ogres
  2 centaurs (D:5)
  A bullfrog (D:5)
  3 hounds
  2 orc priests
  2 orc wizards (D:5)
  2 worker ants
  A killer bee zombie (D:5)
  13 adders
  An ooze (D:3)
  An adder skeleton (D:5)
  3 worms
  3 dart slugs
  6 leopard geckos
  17 orcs
  A ball python (D:3)
  3 bats
  3 giant cockroaches
  7 goblins
  9 hobgoblins
  4 jackals (D:3)
  4 kobolds
  2 quokkas
  10 frilled lizards
  A jackal skeleton (D:4)
  6 rats
  A spectral orc (D:4)
111 creatures vanquished.

Notes
Turn   | Place    | Note
-------+----------+-------------------------------------------
     0 | D:1      | DrKleor the Formicid Fighter began the quest for the Orb.
     0 | D:1      | Reached XP level 1. HP: 18/18 MP: 1/1
   111 | D:1      | Reached XP level 2. HP: 22/24 MP: 2/2
   473 | D:2      | Reached XP level 3. HP: 21/29 MP: 3/3
   735 | D:2      | Found a white marble altar of Elyvilon.
   736 | D:2      | Found a glowing golden altar of the Shining One.
   740 | D:2      | Found a glowing silver altar of Zin.
   836 | D:2      | Reached XP level 4. HP: 31/37 MP: 4/4
   935 | D:2      | Reached skill level 4 in Fighting
  1030 | D:2      | Found a shadowy altar of Dithmenos.
  1107 | D:2      | Found a bloodstained altar of Trog.
  1238 | D:2      | Reached XP level 5. HP: 40/42 MP: 5/5
  1499 | D:3      | Found a radiant altar of Vehumet.
  1523 | D:3      | Found a sparkling altar of Nemelex Xobeh.
  2211 | D:4      | Found Aptor's Gadget Boutique.
  2226 | D:4      | Reached skill level 1 in Throwing
  2226 | D:4      | Reached XP level 6. HP: 45/49 MP: 6/6
  2420 | D:4      | Found an iron altar of Okawaru.
  2429 | D:4      | Became a worshipper of Warmaster Okawaru
  2646 | D:4      | Found a basalt altar of Yredelemnul.
  2847 | D:4      | Noticed an ogre
  2860 | D:4      | Killed an ogre
  2860 | D:4      | Reached skill level 5 in Fighting
  2863 | D:4      | Reached XP level 7. HP: 35/56 MP: 7/7
  2996 | D:5      | Entered Level 5 of the Dungeon
  3324 | D:5      | Reached * piety under Okawaru
  3459 | D:5      | Found an ornate altar of the Wu Jian Council.
  3465 | D:5      | Found a hide-covered altar of Uskayaw.
  3686 | D:5      | Found a stormy altar of Qazlal.
  3702 | D:5      | Found a staircase to the Ecumenical Temple.
  3723 | D:5      | Reached XP level 8. HP: 20/64 MP: 8/8
  3732 | D:5      | Reached skill level 6 in Fighting
  3732 | D:5      | Reached skill level 5 in Axes
  4051 | D:5      | Found an ancient bone altar of Kikubaaqudgha.
  4817 | D:6      | Noticed Sigmund
  4828 | D:6      | Killed Sigmund
  4828 | D:6      | Reached ** piety under Okawaru
  5137 | D:6      | Killed from afar by an electric eel

Levels and vault maps discovered:
D:1:      scummos_arrival_simple_fountains, layout_rooms, serial_bayou_pond_c
D:2:      layout_rooms, good_gods_mini_temple, nicolae_overflow_hidden_temple,
          marbit_many_paths
D:3:      layout_basic, chequers_temple_overflow_statue_of_worship, first_ration
D:4:      layout_loops_cross, okawaru_metal_pillars_1_2,
          yredelemnul_forgotten_temple_becter, serial_shops,
          nicolae_shop_temple_entry_statues_fountains
D:5:      layout_layer_cave, kiku_gazebo_garden_becter,
          eat_drink_and_be_merry_uskayaw, old_standard_altar,
          grunt_qazlal_clouds, minmay_temple_entry_proselytizer
D:6:      layout_cave_pods, serial_bayou, serial_bayou_shore_b,
          serial_bayou_shore_a, serial_bayou_pond_c, serial_bayou_lagoon_a,
          uniq_sigmund, uniq_blork_the_orc, uniq_duvessa

Skill      XL: |  1  2  3  4  5  6  7  8 |
---------------+-------------------------+-----
Shields        | 4 |  4.7
Fighting       | 4 5 6 |  6.6
Armour         | 4 |  4.2
Axes           | 3 4 5 |  5.5
Throwing       | 1 2 3 4 |  4.2

Action                   |  1- 3 |  4- 6 |  7- 9 || total
-------------------------+-------+-------+-------++-------
Melee: War axe           |    77 |   263 |   111 ||   451
Throw: Dart              |       |    20 |    14 ||    34
 Abil: Dig               |       |       |     1 ||     1
  Use: Potion            |     1 |       |     1 ||     2
  Eat: Chunk             |       |     7 |     4 ||    11
       Ration            |       |       |     1 ||     1
Armor: Scale mail        |    25 |    81 |       ||   106
       Ring mail         |       |     2 |    15 ||    17
Dodge: Dodged            |    24 |   102 |    79 ||   205
Block: Shield            |    38 |   151 |    59 ||   248

Table legend:
 A = Non-vault XP
 B = Vault XP
 C = Vault XP percentage of total XP
 D = Non-vault monster count
 E = Vault monster count
 F = Vault count percentage of total count
                 A         B        C        D         E       F
            +---------+---------+-------+---------+---------+-------
      Total |    1242 |     266 |  17.6 |     107 |       4 |   3.6
            +---------+---------+-------+---------+---------+-------
        D:1 |      16 |       0 |   0.0 |       8 |       0 |   0.0
        D:2 |     134 |       2 |   1.5 |      26 |       1 |   3.7
        D:3 |     109 |       0 |   0.0 |      36 |       0 |   0.0
        D:4 |     262 |       1 |   0.4 |      19 |       1 |   5.0
        D:5 |     678 |      43 |   6.0 |      17 |       1 |   5.6
        D:6 |      43 |     220 |  83.7 |       1 |       1 |  50.0
            +---------+---------+-------+---------+---------+-------
